 Dungeon Crawl Stone Soup version 0.17-a0-854-g4a4ba72 (console) character file.

3301 sose the Slicer (level 10, 0/74 HPs)
             Began as a Human Artificer on Apr 28, 2015.
             Was a Follower of Nemelex Xobeh.
             Slain by a giant frog (3 damage)
             ... on level 8 of the Dungeon.
             The game lasted 00:41:10 (10576 turns).

sose the Slicer (Human Artificer)                  Turns: 10576, Time: 00:41:10

Health: 0/74       AC: 11    Str: 13    XL:     10   Next: 20%
Magic:  15/15      EV: 11    Int: 15    God:    Nemelex Xobeh [*.....]
Gold:   205        SH:  0    Dex: 13    Spells: 0 memorised, 9 levels left

rFire  + + .     SeeInvis +     a - +0 dagger (elec) (curse)
rCold  . . .     Clarity  .     o - +4 ring mail
rNeg   . . .     SustAb   .     (no shield)
rPois  .         Gourm    .     (no helmet)
rElec  .         Spirit   .     n - +0 cloak
rCorr  .         Warding  .     F - +0 pair of gloves
rMut   .         Stasis   .     (no boots)
MR     .....                    (no amulet)
Stlth  ++........               B - ring of see invisible
                                E - ring "Joyr" {rF++ Stlth+}

@: lethally poisoned (0 -> -1), about to teleport, not resistant to hostile
enchantments, unstealthy
A: no striking features
a: Renounce Religion


You were on level 8 of the Dungeon.
You worshipped Nemelex Xobeh.
Nemelex Xobeh was aware of your devotion.
You were not hungry.

You visited 2 branches of the dungeon, and saw 9 of its levels.

You collected 531 gold pieces.
You spent 284 gold pieces at shops.

Inventory:

Hand weapons
 a - a cursed +0 dagger of electrocution (weapon)
 b - a +2 blowgun of evasion
 c - a +2 short sword of protection
 I - a +0 dagger of holy wrath
Missiles
 G - 20 poisoned needles
Armour
 e - a +0 leather armour
 j - a +0 robe
 n - a +0 cloak (worn)
 o - a +4 ring mail (worn)
 F - a +0 pair of gloves (worn)
Jewellery
 x - a +5 ring of dexterity
 B - a ring of see invisible (right hand)
 E - the ring "Joyr" (left hand) {rF++ Stlth+}
   (You found it on level 4 of the Dungeon)

   [ring of stealth]

   It greatly protects you from fire.
   It makes you more stealthy.
 K - an uncursed ring of teleportation
Magical devices
 d - a wand of random effects (3)
 m - a wand of flame (12)
 v - a wand of draining (0)
 w - a wand of enslavement (5)
 C - a wand of enslavement (0)
 D - a wand of flame (0)
Scrolls
 g - 2 scrolls of magic mapping
 i - 4 scrolls of remove curse
 q - 3 scrolls of identify
 t - 4 scrolls of teleportation
 y - 2 scrolls of enchant armour
Potions
 h - a potion of brilliance
 p - a potion of poison {unknown}
 r - 3 potions of restore abilities
 u - a potion of cure mutation
 z - a potion of resistance {unknown}
 A - a potion of agility {unknown}
Miscellaneous
 k - a plain deck of escape {drawn: 7}
Comestibles
 f - 8 bread rations
 l - 5 fruits
 s - 5 beef jerkies


   Skills:
 + Level 5.0 Fighting
 - Level 10.2 Short Blades
 - Level 2.3 Dodging
 + Level 4.7 Stealth
 - Level 7.0 Evocations


You had 9 spell levels left.
You didn't know any spells.

Dungeon Overview and Level Annotations

Branches:
Dungeon (8/15)             Temple (1/1) D:6
   Lair: D:8-11

Altars:
Ashenzari
Cheibriados
Dithmenos
Elyvilon
Fedhas
Gozag
Kikubaaqudgha
Makhleb
Nemelex Xobeh
Okawaru
Qazlal
Ru
Sif Muna
Trog
Vehumet
Xom
Yredelemnul
Zin
The Shining One

Shops:
D:5 (*(?   D:8 !

Annotations:
D:7 exclusions: centaur and 1 more exclusion


Message History

* * * LOW HITPOINT WARNING * * *
The jelly hits you but does no damage.
Unknown command.
Read which item? (? for menu, Esc to quit)
As you read the scroll of teleportation, it crumbles to dust.
You feel strangely unstable.
The bat zombie hits you but does no damage. x2
The hound is engulfed in poison gas.
The hound is poisoned.
The hound falls into the water!
The hound drowns.
Your Fighting skill increases to level 5!
The jelly barely misses you.
Unknown command.
Evoke which item? (* to show all) (? for menu, Esc to quit)
You draw a card...
It is Solitude.
The jelly disappears!
The bat zombie disappears!
The troll blinks!
The hound is engulfed in noxious fumes.
The hound appears confused.
The giant frog hits you.
You die...
Your body disappears without a glow.

#y##.≈≈≈≈≈.. ..≈
#y##.≈≈≈≈≈≈§§§§≈≈≈§.
##?##..≈≈≈≈h§§.§≈≈≈§..
...##...≈≈≈≈§h.≈≈≈§§..∩
.....<..≈≈§≈≈§≈≈≈≈§....#
#####..;.§≈≈≈.≈≈≈≈≈....#
#....≈≈≈≈.≈≈≈≈≈....#
#...≈≈≈≈≈.≈#F§.≈.....
#.....≈≈≈§≈#@#......<
#...≈..≈≈.≈F##S§..#..
#....)..§§.§.§.§..#
#........§§§.§§§..# #.#
.............#
######..##... #..# ..
#..# #..


You could see 2 giant frogs and 2 hounds.

Vanquished Creatures
  Sigmund (D:5)
  2 ice beasts
  A slave (D:5)
  A phantom (D:6)
  A sky beast (D:6)
  3 ogres
  A crocodile (D:7)
  6 centaurs
  A big kobold (D:7)
  A brain worm (D:5)
  A wyvern zombie (D:7)
  2 giant frogs (D:7)
  5 killer bees
  5 wights
  2 giant frog zombies
  2 crimson imps
  5 hounds
  2 orc priests (D:5)
  3 orc wizards (D:5)
  A giant frog skeleton (D:7)
  Natasha (D:3)
  4 worker ants
  A hound skeleton (D:6)
  5 adders
  8 gnolls (D:5)
  2 shadow imps
  An ooze (D:1)
  2 worms (D:2)
  3 adder skeletons
  An adder zombie (D:6)
  7 giant geckos
  14 orcs
  A bat skeleton (D:6)
  9 giant cockroaches
  35 goblins
  39 hobgoblins
  11 jackals
  6 quokkas
  4 ball pythons
  11 bats
  8 giant newts
  26 kobolds
  A quokka skeleton (D:4)
  14 rats
260 creatures vanquished.

Vanquished Creatures (collateral kills)
  Menkaure (D:6)
  A gnoll sergeant (D:4)
  A killer bee (D:7)
  A crimson imp (D:6)
  An orc wizard (D:5)
  3 gnolls
  An adder (D:4)
  2 orcs
  A giant cockroach (D:1)
  3 goblins
  4 hobgoblins
  A ball python (D:2)
  A kobold (D:2)
  A rat (D:4)
22 creatures vanquished.

Vanquished Creatures (others)
  A dancing weapon (D:6)
  A killer bee (D:7)
  A scorpion (D:4)
  A wight (D:6)
  A hobgoblin (D:4)
  2 orc wizards
  A gnoll (D:4)
  An adder (D:5)
  4 orcs (D:5)
  A goblin (D:6)
  A jackal (D:1)
  A kobold (D:5)
  A quokka (D:5)
  A giant gecko (D:6)
  A giant newt (D:5)
  2 rats (D:5)
  A bush (D:7)
22 creatures vanquished.

Grand Total: 304 creatures vanquished

Notes
Turn   | Place    | Note
--------------------------------------------------------------
     0 | D:1      | sose, the Human Artificer, began the quest for the Orb.
     0 | D:1      | Reached XP level 1. HP: 15/15 MP: 3/3
   153 | D:1      | Reached XP level 2. HP: 9/21 MP: 4/4
   595 | D:1      | Reached XP level 3. HP: 14/26 MP: 5/5
  1634 | D:2      | Reached XP level 4. HP: 25/32 MP: 6/6
  2629 | D:2      | Reached skill level 4 in Short Blades
  3033 | D:3      | Noticed Natasha
  3054 | D:3      | Killed Natasha
  3054 | D:3      | Reached XP level 5. HP: 34/37 MP: 7/7
  3946 | D:4      | Found a shattered altar of Ashenzari.
  4064 | D:4      | Reached skill level 5 in Short Blades
  4064 | D:4      | Reached XP level 6. HP: 24/43 MP: 8/8
  4838 | D:4      | Got a steaming platinum ring
  4839 | D:4      | Identified the ring "Joyr" {rF++ Stlth+} (You found it on level 4 of the Dungeon)
  4855 | D:5      | Entered Level 5 of the Dungeon
  4856 | D:5      | Found Liraopno's Magic Scroll Shop.
  4870 | D:5      | Bought a scroll of identify for 24 gold pieces
  4870 | D:5      | Bought a scroll of teleportation for 36 gold pieces
  4870 | D:5      | Bought a scroll of enchant armour for 90 gold pieces
  4870 | D:5      | Bought a scroll of remove curse for 36 gold pieces
  4881 | D:5      | Found Haduuviy's General Store.
  4890 | D:5      | Bought a potion of heal wounds for 70 gold pieces
  4890 | D:5      | Bought a scroll of identify for 28 gold pieces
  4890 | D:5      | Found Sodaoski's Antique Weapon Shoppe.
  4975 | D:5      | Reached skill level 6 in Short Blades
  5159 | D:5      | Found Tunoag's Weapon Shop.
  5165 | D:5      | Noticed Sigmund
  5170 | D:5      | Killed Sigmund
  5170 | D:5      | Reached skill level 7 in Short Blades
  5170 | D:5      | Reached XP level 7. HP: 48/48 MP: 9/9
  5705 | D:5      | Reached skill level 8 in Short Blades
  5860 | D:5      | Noticed a slave
  5861 | D:5      | Noticed Pikel
  5861 | D:5      | Noticed a slave
  5878 | D:5      | Killed a slave
  5910 | D:5      | Noticed a slave
  5910 | D:5      | Noticed a slave
  5942 | D:5      | Noticed Pikel
  5942 | D:5      | Pikel changed into Pikel the brain worm
  5947 | D:5      | Killed Pikel the brain worm
  5947 | D:5      | Reached XP level 8. HP: 54/54 MP: 10/10
  5975 | D:5      | Noticed an ice beast
  6010 | D:5      | Killed an ice beast
  6390 | D:5      | Reached skill level 9 in Short Blades
  6891 | D:5      | Found a glowing golden altar of the Shining One.
  6891 | D:5      | Found a bloodstained altar of Trog.
  7305 | D:6      | Found a staircase to the Ecumenical Temple.
  7326 | Temple   | Entered the Ecumenical Temple
  7472 | Temple   | Became a worshipper of Nemelex Xobeh the Trickster
  7509 | D:6      | Received a gift from Nemelex Xobeh
  7574 | D:6      | Found a shimmering altar of Xom.
  7594 | D:6      | Noticed Menkaure
  7619 | D:6      | Killed Menkaure
  7645 | D:6      | Reached skill level 10 in Short Blades
  7777 | D:6      | Reached XP level 9. HP: 51/59 MP: 11/11
  7789 | D:6      | Found a radiant altar of Vehumet.
  7928 | D:6      | Found a shimmering altar of Xom.
  8115 | D:6      | Found a sacrificial altar of Ru.
  8214 | D:6      | Reached skill level 5 in Evocations
  8254 | D:6      | Found a shimmering altar of Xom.
  9332 | D:7      | Found a radiant altar of Vehumet.
  9551 | D:7      | Found a shadowy altar of Dithmenos.
  9551 | D:7      | Found a deep blue altar of Sif Muna.
  9857 | D:7      | Reached XP level 10. HP: 51/71 MP: 15/15
  9889 | D:7      | Received a gift from Nemelex Xobeh
 10572 | D:8      | Found Yckolu Wofa's Distillery.
 10574 | D:8      | HP: 3/73 [bat zombie (1)]
 10575 | D:8      | Reached skill level 5 in Fighting
 10576 | D:8      | Slain by a giant frog

Action                   |  1- 3 |  4- 6 |  7- 9 | 10-12 || total
-------------------------+-------+-------+-------+-------++-------
Melee: Short sword       |    89 |    68 |    14 |       ||   171
       Dagger            |    49 |   436 |   670 |    66 ||  1221
 Fire: Blowgun           |       |       |    14 |       ||    14
Evoke: Wand              |    10 |    18 |    18 |     4 ||    50
       Deck              |       |       |     3 |     8 ||    11
  Use: Scroll            |       |     6 |     7 |     2 ||    15
       Potion            |       |       |     4 |       ||     4
 Stab: Distracted        |     1 |       |     3 |       ||     4
       Sleeping          |       |     2 |     2 |       ||     4
  Eat: Chunk             |     2 |     9 |     5 |       ||    16
       Fruit             |       |     2 |       |       ||     2
       Beef jerky        |       |     1 |     1 |     1 ||     3
       Meat ration       |       |       |     1 |       ||     1
       Bread ration      |       |       |     1 |       ||     1
